 Dungeon Crawl Stone Soup version 0.18-a0-1497-g788d838 (webtiles) character file.

30 milladamen the Stinger (level 3, 0/14 HPs)
             Began as a Felid Venom Mage on Mar 4, 2016.
             Slain by an adder (2 damage)
             ... on level 2 of the Dungeon.
             The game lasted 00:14:52 (1208 turns).

milladamen the Stinger (Felid Venom Mage)           Turns: 1208, Time: 00:14:52

Health: 0/14       AC:  1    Str:  4    XL:     3   Next: 3%
Magic:  1/7        EV: 18    Int: 17    God:
Gold:   116        SH:  0    Dex: 16    Spells: 1 memorised, 6 levels left
                                        Lives:  0   Deaths: 0

rFire  + . .     SeeInvis +     (weapon unavailable)
rCold  . . .     Gourm    .     (armour unavailable)
rNeg   . . .     Faith    .     (shield unavailable)
rPois  .         Spirit   .     (helmet unavailable)
rElec  .         Dismiss  .     (cloak unavailable)
rCorr  .         Reflect  .     (gloves unavailable)
SustAt .         Harm     .     (boots unavailable)
MR     .....                    (no amulet)
Stlth  +++.......               j - ring of see invisible
                                e - ring of protection from fire

@: lethally poisoned (0 -> -4), very slightly contaminated, quick, not resistant
to hostile enchantments, fairly stealthy
A: no armour, no weapons or thrown items, claws 1, fangs 3, see invisible,
carnivore 3, speed 1, shaggy fur 1, slow metabolism 1, sharp paws
a: no special abilities


You were on level 2 of the Dungeon.
You were not hungry.

You visited 1 branch of the dungeon, and saw 2 of its levels.

You collected 116 gold pieces.

Inventory:

Jewellery
 e - a ring of protection from fire (left paw)
 j - a ring of see invisible (right paw)
Wands
 k - a wand of slowing (20/48)
Scrolls
 d - 2 scrolls of remove curse {unknown}
 h - a scroll of noise {unknown}
 i - a scroll of magic mapping {unknown}
Potions
 c - 2 potions of lignification {unknown}
 f - a potion of brilliance {unknown}
 g - a potion of haste {unknown}
Books
 a - a Young Poisoner's Handbook

   Spells                             Type                      Level
   a - Sting                          Conjuration/Poison           1
   b - Cure Poison                    Poison                       2
   c - Mephitic Cloud                 Conjuration/Poison/Air       3
   d - Olgreb's Toxic Radiance        Poison                       4
   e - Venom Bolt                     Conjuration/Poison           5
Comestibles
 b - 2 meat rations


   Skills:
 - Level 2.6 Dodging
 + Level 3.1 Stealth
 * Level 2.5 Spellcasting
 * Level 4.0 Poison Magic


You had 6 spell levels left.
You knew the following spells:

 Your Spells              Type           Power        Failure   Level  Hunger
a - Sting                 Conj/Pois      #...         10%         1    #......


Dungeon Overview and Level Annotations

Branches:
Dungeon (2/15)

Altars:
Cheibriados
Qazlal


Innate Abilities, Weirdness & Mutations

You cannot wear armour.
You are incapable of wielding weapons or throwing items.
You have sharp claws.
You have razor-sharp teeth.
You have supernaturally acute eyesight.
You are carnivorous and can eat meat at any time.
You cover ground quickly.
You are covered in fur (AC +1).
You have a slow metabolism.
Your sharp claws are effective at attacking unaware monsters.


Message History

* * * LOW HITPOINT WARNING * * *
You feel sick. The hobgoblin barely misses you. The adder barely misses you.
The dart slug misses you.
Found 10 poisoned needles and 3 fruits.
* * * LOW HITPOINT WARNING * * *
You feel sick. The adder barely misses you.
You barely miss the adder.
The adder is lightly wounded.
The adder misses you.
Casting: Sting
Confirm with . or Enter, or press ? or * to list all spells.
Aiming: Sting
Press: ? - help, Shift-Dir - straight line, f/p - dart slug
Aim: a dart slug (heavily wounded, clinging)
The sting hits the adder.
The adder is poisoned.
The adder is moderately wounded.
* * * LOW HITPOINT WARNING * * *
You feel sick. The adder bites you.
You die...

.#.###.#.# #........#
.........# #..?#g..##
##.###...# #.†.##..... .#.#
#..># #...# ..###
.#.###...## #...# .#
........#.#### #####...##(.#
.#.###...##...##.g.........#
...# #...........S.w...##.##
#### #..........@###.#.# #
######†#####.##### #.#.#
........##..... ..%.#
####........... .....
##..<###### ###### #####


You could see an adder, a dart slug and a hobgoblin.

Vanquished Creatures
  5 giant cockroaches
  6 goblins
  4 hobgoblins
  3 kobolds
  A ball python (D:1)
  2 bats
  4 giant newts
  3 rats (D:1)
28 creatures vanquished.

Notes
Turn   | Place    | Note
--------------------------------------------------------------
     0 | D:1      | milladamen the Felid Venom Mage began the quest for the Orb.
     0 | D:1      | Reached XP level 1. HP: 7/7 MP: 4/4
    44 | D:1      | You fall through a shaft!
   155 | D:1      | Reached XP level 2. HP: 6/11 MP: 1/6
   948 | D:2      | Reached skill level 4 in Poison Magic
   979 | D:2      | Found a snail-covered altar of Cheibriados.
   979 | D:2      | Found a stormy altar of Qazlal.
  1161 | D:2      | Reached XP level 3. HP: 14/14 MP: 2/7
  1208 | D:2      | Slain by an adder

Vault maps used:
D:1:      scummos_arrival_forest
D:2:      gammafunk_temple_overflow_wave, johnstein_pakellas_shop

Skill      XL: |  1  2 |
---------------+-------+-----
Poison Magic   | 4 |  4.0
Stealth        | 3 |  3.1
Dodging        | |  2.6
Spellcasting   | |  2.5

Action                   || total
-------------------------++-------
Melee: Unarmed           ||    35
 Cast: Sting             ||    47
  Use: Scroll            ||     4
